 Dungeon Crawl Stone Soup version 0.31.0-9-g3a7656b989 (webtiles) character file.

Game seed: 10438803961773177286

115 SnakkuSnakku7 the Shooter (level 5, 0/38 HPs)
             Began as a Djinni Hunter on Jan 25, 2024.
             Slain by a gnoll
             ... wielding a +2 flail of protection
              (3 damage)
             ... on level 2 of the Dungeon.
             The game lasted 00:02:22 (1301 turns).

SnakkuSnakku7 the Shooter (Djinni Hunter)           Turns: 1301, Time: 00:02:22

Health: 0/38       AC:  4    Str: 10    XL:     5   Next: 20%
Gold:   125        EV: 12    Int: 11    God:
                   SH:  0    Dex: 18

rFire   + + .        a - +0 shortbow
rCold   x . .        (shield currently unavailable)
rNeg    . . .        c - +0 leather armour
rPois   ∞            l - +0 helmet
rElec   .            (no cloak)
rCorr   .            (no gloves)
SInv    .            (boots unavailable)
Will    .....        d - amulet of the acrobat
Stlth   ++           (no ring)
HPRegen 0.26/turn    (no ring)
MPRegen 0.00/turn

%: acrobat, infuse magic (-1 HP)
@: flying
A: sickness immunity, fire resistance 2, cold vulnerability 1, float, innate
caster, HP casting, extra vitality 1
a: no special abilities


You were on level 2 of the Dungeon.
You visited 1 branch of the dungeon, and saw 2 of its levels.

You collected 125 gold pieces.

Inventory:

Hand Weapons
 a - a +0 shortbow (weapon)
Armour
 c - a +0 leather armour (worn)
 l - a +0 helmet (worn)
Jewellery
 d - an amulet of the acrobat (around neck)
Scrolls
 b - a scroll of butterflies
 f - a scroll of poison {unknown}
 h - a scroll of enchant weapon {unknown}
 i - a scroll of vulnerability {unknown}
 j - a scroll of enchant armour {unknown}
 k - a scroll of noise {unknown}
 n - a scroll of identify {unknown}
Potions
 e - a potion of invisibility {unknown}
 g - a potion of might {unknown}
 m - a potion of curing {unknown}


   Skills:
 - Level 2.0 Fighting
 + Level 5.1 Ranged Weapons
 - Level 2.1 Dodging
 - Level 0.7 Stealth


You knew the following spells:

 Your Spells              Type           Power      Damage    Failure   Level
a - Shock                 Conj/Air       0%         1d3       43%         1
b - Momentum Strike       Conj/Tloc      0%         3d8       58%         2
Your spell library was empty.

Dungeon Overview and Level Annotations

Branches:
Dungeon (2/15)

Altars:


Innate Abilities, Weirdness & Mutations

You are immune to sickness and miasma.
You are immune to poison.
Your flesh is very heat resistant. (rF++)
You are vulnerable to cold. (rC-)
You float through the air rather than walking.
You learn spells naturally, not from books.
Your magical power is your life essence.
You have superior vitality. (+4 MHP)


Message History

You have reached level 5!
The power to cast Momentum Strike wells up from within.
Spell assigned to 'b'.
You shoot an arrow. The arrow hits the gnoll.
The gnoll is moderately wounded.
The gnoll barely misses you.
You shoot an arrow. The arrow hits the gnoll.
The gnoll is severely wounded.
The gnoll hits you from afar with a +0 halberd.
Unknown command.
You shoot an arrow. The arrow hits the gnoll.
You kill the gnoll!
You shoot an arrow. The arrow barely misses the gnoll.
The gnoll hits you with a +2 flail of protection!
You are too injured to fight recklessly!
Unknown command.
You are too injured to fight recklessly!
Unknown command.
You are too injured to fight recklessly!
You are too injured to fight recklessly!
You shoot an arrow.
The arrow hits the gnoll but does no damage.
The gnoll barely misses you.
You shoot an arrow. The arrow hits the gnoll.
The gnoll is lightly wounded.
The gnoll barely misses you.
You shoot an arrow.
The arrow hits the gnoll but does no damage.
The gnoll is lightly wounded.
The gnoll hits you with a +2 flail of protection.
You shoot an arrow.
The arrow hits the gnoll but does no damage.
The gnoll is lightly wounded.
The gnoll hits you with a +2 flail of protection!
* * * LOW HITPOINT WARNING * * *
You shoot an arrow.
The arrow hits the gnoll but does no damage.
The gnoll is lightly wounded.
The gnoll hits you with a +2 flail of protection.
You die...

.. ..... ...# ...## ##
...#.. ....
###########)#######
#..........g.......
#..##...#..@.####.
#.###...#....#
#.###..##....###### .#
#......###........# ..#
#.....## #...#....# #.#
#...### #...#....# #.#
#.#### ##..##...# #.#
#....#### #..####.###.#
#.......####....†.....#
####


You could see a gnoll.

Vanquished Creatures
  Robin (D:2)
  2 gnolls (D:2)
  An adder (D:2)
  A ribbon worm (D:2)
  9 endoplasms
  A giant cockroach (D:2)
  14 goblins
  8 hobgoblins
  2 kobolds (D:2)
  4 quokkas
  8 ball pythons
  5 bats
  4 frilled lizards
  7 rats
67 creatures vanquished.

Notes
Turn   | Place    | Note
-------+----------+-------------------------------------------
     0 | D:1      | SnakkuSnakku7 the Djinni Hunter began the quest for the
                  | Orb.
     0 | D:1      | Reached XP level 1. HP: 18/18 MP: 0/0
     3 | D:1      | Noticed an electric eel
     4 | D:1      | Noticed an electric eel
   145 | D:1      | Reached XP level 2. HP: 23/23 MP: 0/0
   302 | D:1      | You are sucked into a shaft and drop 1 floor!
   432 | D:1      | Reached XP level 3. HP: 28/28 MP: 0/0
   432 | D:1      | Learned a level 1 spell: Shock
   435 | D:1      | Reached skill level 4 in Ranged Weapons
   884 | D:2      | Noticed Robin
   913 | D:2      | Reached XP level 4. HP: 29/33 MP: 0/0
   918 | D:2      | Killed Robin
  1293 | D:2      | Reached skill level 5 in Ranged Weapons
  1293 | D:2      | Reached XP level 5. HP: 26/38 MP: 0/0
  1293 | D:2      | Learned a level 2 spell: Momentum Strike
  1301 | D:2      | Slain by a gnoll

Illustrated notes

Levels and vault maps discovered:
D:1:      arrival_aquarium_b, layout_basic, serial_forest,
          infiniplex_forest_lined_room_3, infiniplex_forest_clump_cross,
          infiniplex_forest_pool, infiniplex_forest_clump_curved,
          infiniplex_forest_clump_tiny, infiniplex_forest_end_1,
          infiniplex_forest_clump_curved, minmay_misc_feat_alley, minmay_cupped
D:2:      minmay_recursive_quarters, layout_rooms,
          shapermc_ecumenical_altar_petra, hangedman_decor_push, uniq_robin

Skill      XL: |  1  2  3  4 |
---------------+-------------+-----
Ranged Weapons | 4 5 |  5.1
Fighting       | |  2.0
Dodging        | |  2.1
Stealth        | |  0.7

Action                     |  1- 3 |  4- 6 || total
---------------------------+-------+-------++-------
   Fire: Shortbow          |    82 |    94 ||   176
 Armour: Leather armour    |    18 |    23 ||    41
  Dodge: Dodged            |    20 |    27 ||    47
